 Dungeon Sprint DCSS version 0.30-a0-341-g682706514a (webtiles) character file.

Game seed: 7109769147814453762

16 Hubris850 the Changer (level 2, -3/30 (31) HPs)
             Began as a Merfolk Transmuter on Nov 2, 2022.
             Was a Believer of Sif Muna.
             Slain by Crazy Yiuf
             ... wielding a +3 quarterstaff of chaos
              (12 damage)
             ... in the Dungeon (Sprint VII: "The Pits").
             The game lasted 00:00:55 (149 turns).

Hubris850 the Changer (Merfolk Transmuter)           Turns: 149, Time: 00:00:56

HP:   -3/30 (31)    AC:  2    Str: 10    XL:     2   Next: 58%
MP:   4/6           EV: 12    Int: 12    God:    Sif Muna [**....]
Gold: 0             SH:  0    Dex: 14    Spells: 4/7 levels left

rFire   . . .      SeeInvis .      - Unarmed
rCold   . . .      Faith    .    (no shield)
rNeg    . . .      Spirit   .    a - +0 robe
rPois   .          Reflect  .    (helmet currently unavailable)
rElec   .          Harm     .    (no cloak)
rCorr   .          Rampage  .    (no gloves)
Will    .....      NoTele   +    (boots currently unavailable)
Stlth   ..........               (no amulet)
HPRegen 0.25/turn                (no ring)
MPRegen 0.10/turn                (no ring)

@: berserking, appendages, wereblooded, lightly drained, very quick
A: horns 2, (nimble swimmer 2), mertail
a: End Transformation, Renounce Religion, Channel Magic


You were in the Dungeon.
You worshipped Sif Muna.
Sif Muna was pleased with you.
You had temporarily grown beastly horns.
You visited 1 branch

Inventory:

Armour
 a - a +0 robe (worn)
Scrolls
 h - a scroll of blinking
 j - 5 scrolls of amnesia
 k - a scroll of summoning
Potions
 b - a potion of lignification
 c - a potion of curing
 d - a potion of heal wounds
 e - a potion of haste
 f - 4 potions of magic
 g - 2 potions of berserk rage
 i - 2 potions of invisibility


   Skills:
 - Level 1.1 Fighting
 - Level 2.6 Dodging
 - Level 3.2 Unarmed Combat
 + Level 3.2 Spellcasting
 + Level 4.1 Transmutations
 * Level 3.3 Ice Magic


You had 4 spell levels left.
You knew the following spells:

 Your Spells              Type           Power      Damage    Failure   Level
a - Beastly Appendage     Tmut           22%        N/A       4%          1
b - Wereblood             Tmut           11%        N/A       7%          2

Your spell library contained the following spells:

 Spells                   Type           Power      Damage    Failure   Level
 Spider Form              Tmut/Pois      6%         N/A       30%         3
 Ice Form                 Ice/Tmut       10%        N/A       45%         4


Dungeon Overview and Level Annotations

Branches:
Dungeon (1/1)

Altars:
Ashenzari
Cheibriados
Dithmenos
Elyvilon
Fedhas
Gozag
Hepliaklqana
Kikubaaqudgha
Makhleb
Nemelex Xobeh
Okawaru
Qazlal
Ru
Sif Muna
Trog
Uskayaw
Vehumet
Wu Jian
Xom
Yredelemnul
Zin
The Shining One
Jiyva
Lugonu

Annotations:
D Crazy Yiuf


Innate Abilities, Weirdness & Mutations

You have temporarily grown beastly horns.
((You are very nimble when in or above water. (Stealth+, EV+, Speed+++)))
Your lower body shifts to a powerful aquatic tail in water.


Message History

Confirm with . or Enter, or press ? or * to list all spells.
Your blood is infused with primal strength.
You open the door.
A rat and a goblin come into view.
The goblin shouts!
You hear a shout! x2
There is an open door here.
Crazy Yiuf and a gnoll come into view.
Crazy Yiuf is wielding a +3 quarterstaff of chaos.
Crazy Yiuf shouts!
Crazy Yiuf whimpers, "Sif Muna!"
You barely miss the goblin. The goblin hits you but does no damage.
Crazy Yiuf misses you.
You hit the goblin.
The goblin is moderately wounded.
The goblin hits you with a +0 dagger.
Crazy Yiuf yells, "Proton shoe arm!"
Crazy Yiuf hits you with a +3 quarterstaff of chaos!
You feel drained.
There is an open door here.
Unknown command.
You hit the rat.
You feel a bit better.
You kill the rat!
Sif Muna accepts your kill.
You howl as the wereblood boils in your veins!
Crazy Yiuf says, "Trifle agre dark!"
Your life force feels restored.
A red film seems to cover your vision as you go berserk!
You feel yourself moving faster!
You feel mighty! The goblin hits you but does no damage.
Crazy Yiuf hits you with a +3 quarterstaff of chaos!
* * * LOW HITPOINT WARNING * * *
You feel drained.
* * * LOW HITPOINT WARNING * * *
You barely miss Crazy Yiuf. You hit Crazy Yiuf.
Crazy Yiuf is moderately wounded.
The goblin barely misses you.
Crazy Yiuf grits, "Seed!
Cod snail arga."
Crazy Yiuf hits you with a +3 quarterstaff of chaos!
You die...

##########.##........
#...........'........
+#####'#####......#.
#.†#..# #........
#..†††# ####'####
#..#### #.......#
#..#..# #.......#
#..#g.# #.......#
##@#..#+###...<...#
#.gg.....##.......#
#........##.......#
###########.......#
#########


You could see Crazy Yiuf and a goblin.

Vanquished Creatures
  An adder (D)
  An adder skeleton (D)
  A quokka (D)
  2 frilled lizards (D)
  2 rats (D)
7 creatures vanquished.

Notes
Turn   | Place    | Note
-------+----------+-------------------------------------------
     0 | D        | Hubris850 the Merfolk Transmuter began the quest for the
                  | Orb.
     0 | D        | Reached XP level 1. HP: 15/15 MP: 3/3
    12 | D        | Reached skill level 3 in Transmutations
    12 | D        | Reached skill level 1 in Ice Magic
    35 | D        | Found a glowing golden altar of the Shining One.
    35 | D        | Found a glowing silver altar of Zin.
    35 | D        | Found a basalt altar of Yredelemnul.
    35 | D        | Found a shimmering altar of Xom.
    35 | D        | Found an ornate altar of the Wu Jian Council.
    35 | D        | Found a bloodstained altar of Trog.
    35 | D        | Found a shimmering blue altar of Sif Muna.
    35 | D        | Found a sacrificial altar of Ru.
    35 | D        | Found a stormy altar of Qazlal.
    35 | D        | Found an iron altar of Okawaru.
    35 | D        | Found a sparkling altar of Nemelex Xobeh.
    35 | D        | Found a burning altar of Makhleb.
    35 | D        | Found a viscous altar of Jiyva.
    35 | D        | Found a hazy altar of Hepliaklqana.
    35 | D        | Found an opulent altar of Gozag.
    35 | D        | Found a blossoming altar of Fedhas.
    35 | D        | Found a white marble altar of Elyvilon.
    35 | D        | Found a shadowy altar of Dithmenos.
    35 | D        | Found a snail-covered altar of Cheibriados.
    36 | D        | Found a radiant altar of Vehumet.
    36 | D        | Found a corrupted altar of Lugonu.
    37 | D        | Found an ancient bone altar of Kikubaaqudgha.
    37 | D        | Found a hide-covered altar of Uskayaw.
    37 | D        | Found a broken altar of Ashenzari.
    38 | D        | Became a worshipper of Sif Muna the Loreminder
    55 | D        | Reached * piety under Sif Muna
    76 | D        | Reached XP level 2. HP: 7/21 MP: 4/6
    80 | D        | Reached skill level 4 in Transmutations
    84 | D        | Learned a level 2 spell: Wereblood
   142 | D        | Noticed Crazy Yiuf
   146 | D        | Reached ** piety under Sif Muna
   149 | D        | Slain by Crazy Yiuf

Illustrated notes

Levels and vault maps discovered:
D:        pitsprint [storerooms_1, entrance_room_1, metal_vault_4, armoury_2,
          mini_pit_1, grid_room_1, main_hall_1, silver_pit, the_coven_3,
          the_vestibule_1, steel_vault_4, golden_pit, hallway_of_sentries,
          crystal_vault_3, iron_vault_4, final_vault]

Skill      XL: |  1  2 |
---------------+-------+-----
Transmutations | 3 4 |  4.1
Ice Magic      | 2 3 |  3.3
Spellcasting   | 3 |  3.2
Fighting       | |  1.1
Dodging        | |  2.6
Unarmed Combat | |  3.2

Action                   || total
-------------------------++-------
Melee: Unarmed           ||    31
       Headbutt          ||     6
 Cast: Beastly Appendage ||     4
       Wereblood         ||     1
  Use: Potion            ||     1
Armor: Robe              ||     5
Dodge: Dodged            ||    23

Table legend: (Time is in decaauts)
 A = Elapsed time spent in this place.
 B = Non-inter-level travel time spent in this place.
 C = Inter-level travel time spent in this place.
 D = Time resting spent in this place.
 E = Time spent auto-exploring this place.
 F = Levels seen in this place.
 G = Mean time per level.
                   A        B        C        D        E       F      G
               +--------+--------+--------+--------+--------+-----+--------+
         Total |    146 |    146 |      0 |     51 |      0 |   1 |  146.0 |
       Dungeon |    146 |    146 |      0 |     51 |      0 |   1 |  146.0 |
               +--------+--------+--------+--------+--------+-----+--------+

Top non-repeatable levels by time:
       D: 146 daAuts
